 Dungeon Crawl Stone Soup version 0.27-a0-1347-gd8886f0a89 (webtiles) character file.

Game seed: 3111931702306754236

37 Sweetruy1997 the Chopper (level 3, -3/33 HPs)
             Began as a Hill Orc Monk on June 27, 2021.
             Slain by Robin (5 damage)
             ... on level 2 of the Dungeon.
             The game lasted 00:04:03 (1437 turns).

Sweetruy1997 the Chopper (Hill Orc Monk)            Turns: 1437, Time: 00:04:03

Health: -3/33      AC:  2    Str: 13    XL:     3   Next: 41%
Magic:  3/3        EV: 12    Int: 10    God:
Gold:   49         SH:  0    Dex: 12    Spells: 2/2 levels left

rFire    . . .     SeeInvis .   d - +1 war axe
rCold    . . .     Faith    .   (no shield)
rNeg     . . .     Spirit   .   h - +0 robe {Will+}
rPois    .         Reflect  .   (no helmet)
rElec    .         Harm     .   (no cloak)
rCorr    .         Rampage  .   (no gloves)
Will     +....     Rnd*Rage +   (no boots)
Stlth    ++........             (no amulet)
HPRegen  0.11/turn              (no ring)
MPRegen  0.08/turn              (no ring)

@: no status effects
A: berserk 1, clumsy 1
a: no special abilities


You were on level 2 of the Dungeon.
You visited 1 branch of the dungeon, and saw 2 of its levels.

You collected 49 gold pieces.

Inventory:

Hand Weapons
 d - a +1 war axe (weapon)
Armour
 h - a +0 robe of willpower (worn)
Scrolls
 f - a scroll of amnesia {unknown}
 g - a scroll of enchant armour {unknown}
 i - a scroll of fog {unknown}


   Skills:
 + Level 4.1 Fighting
 + Level 5.0 Axes
 + Level 2.7 Dodging
 + Level 1.6 Stealth


You had 2 spell levels left.
You didn't know any spells.
Your spell library was empty.

Dungeon Overview and Level Annotations

Branches:
Dungeon (2/15)

Altars:

Annotations:
D:2 Robin


Innate Abilities, Weirdness & Mutations

You tend to lose your temper in combat.
You are clumsy. (Dex -2)


Message History

You slash Robin!
Robin is almost dead.
Robin completely misses you. Robin hits you with a +0 spear.
* * * LOW HITPOINT WARNING * * *
You hit Robin but do no damage.
Robin is almost dead.
Robin drinks a potion.
Robin is healed!
You hit Robin but do no damage.
Robin is heavily wounded.
The hobgoblin no longer looks unusually strong.
Robin hits you with a +0 spear.
* * * LOW HITPOINT WARNING * * *
You closely miss Robin.
Robin is heavily wounded.
Robin closely misses you.
You aren't carrying any items that you can evoke.
Blink to where?
Press: ? - help, Dir - move target
As you read the scroll labelled BYTREOREQE, it crumbles to dust.
It was a scroll of blinking.
The goblin no longer looks unusually strong.
You start resting.
Robin is nearby!
Robin closely misses you.
As you read the scroll labelled ADAOQA PIOROM, it crumbles to dust.
You feel aware of your surroundings.
It was a scroll of magic mapping.
Robin roars a battlecry!
The hobgoblin goes into a battle-frenzy!
Robin closely misses you.
You hit Robin.
Robin is severely wounded.
Robin barely misses you. x2
You hit Robin but do no damage.
Robin is severely wounded.
Robin hits you with a +0 spear.
* * * LOW HITPOINT WARNING * * *
As you read the scroll labelled KAILI UZOGUZO, it crumbles to dust.
It is a scroll of enchant weapon.
Your +0 war axe glows red for a moment.
Robin hits you with a +0 spear.
You die...

,,** **,,,*** #.#
*** *,,,*****
###########.# *
*,,,,,,,*
#...........# *
*,..**#,*
#.###########
********#,...#.###.#
,,>,,,* #.#.......(#
*****,###.#.##.##..#
,,,,,,.......#####.#
,*,*,,.......#gg@..#
,,,,,,.......#g#####
,*,*,,,#.....#.#
,,,,,,########.#
*,,**,......gg(#
*,,**,##.#######
,,,,,,,.,*
,****,*,**********
,* *,*,,,,,,,,,,*


You could see Robin and 2 hobgoblins.

Vanquished Creatures
  An adder (D:2)
  2 dart slugs (D:1)
  2 giant cockroaches (D:1)
  5 goblins
  2 hobgoblins
  2 kobolds (D:2)
  A quokka (D:1)
  4 ball pythons (D:1)
  A frilled lizard (D:1)
  2 rats (D:1)
22 creatures vanquished.

Notes
Turn   | Place    | Note
-------+----------+-------------------------------------------
     0 | D:1      | Sweetruy1997 the Hill Orc Monk began the quest for the Orb.
     0 | D:1      | Reached XP level 1. HP: 19/19 MP: 1/1
   339 | D:1      | Reached XP level 2. HP: 23/27 MP: 2/2
  1081 | D:2      | Reached XP level 3. HP: 13/33 MP: 3/3
  1407 | D:2      | Noticed Robin
  1420 | D:2      | Reached skill level 5 in Axes
  1420 | D:2      | Upgraded the game from 0.27-a0-1334-g2746e35aca to
                  | 0.27-a0-1347-gd8886f0a89
  1421 | D:2      | Gained mutation: You tend to lose your temper in combat.
                  | [potion of mutation]
  1421 | D:2      | Gained mutation: You are clumsy. (Dex -2) [potion of
                  | mutation]
  1437 | D:2      | Slain by Robin

Illustrated notes

Levels and vault maps discovered:
D:1:      amcnicky_arrival_flooded_fountain, layout_loops_ring
D:2:      layout_loops_cross, serial_co_window_serial, co_window_paths_a,
          co_window_corner_a, co_window_paths_a, co_window_corner_a,
          co_window_corner_a, co_window_2corner, co_window_unsneaky_path_a,
          co_window_unsneaky_path_b, co_window_corner_ca, glass_columns_b,
          glass_columns_a, uniq_robin

Skill      XL: |  1  2  3 |
---------------+----------+-----
Fighting       | 4 |  4.1
Axes           | 5 |  5.0
Dodging        | |  2.7
Stealth        | |  1.6

Action                   || total
-------------------------++-------
Melee: War axe           ||    54
       Hand axe          ||     2
  Use: Scroll            ||     3
       Potion            ||     1
 Stab: Sleeping          ||     1
Armor: Robe              ||     7
Dodge: Dodged            ||    44

Table legend: (Time is in decaauts)
 A = Elapsed time spent in this place.
 B = Non-inter-level travel time spent in this place.
 C = Inter-level travel time spent in this place.
 D = Time resting spent in this place.
 E = Time spent auto-exploring this place.
 F = Levels seen in this place.
 G = Mean time per level.
                   A        B        C        D        E       F      G
               +--------+--------+--------+--------+--------+-----+--------+
         Total |   1451 |   1427 |     24 |    332 |    907 |   2 |  725.5 |
       Dungeon |   1451 |   1427 |     24 |    332 |    907 |   2 |  725.5 |
               +--------+--------+--------+--------+--------+-----+--------+

Top non-repeatable levels by time:
     D:1: 1079 daAuts
     D:2: 371 daAuts
